Map: Dusk Towers

Players

llllllllll

  • Race: Zerg Zerg
  • League: Grandmaster

EJK - Winner!

  • Race: Terran Terran
  • League: Master

VOD

Have the link to the VOD?

Description

Time

  • Played on: Jan. 28, 2016, 6:50 a.m.
  • Length: 14:50
Show
View Real Time Build Order
Export as new Build Order

llllllllll Zerg 

Build Orders: Hatch First 

Get SALT Encoding   

  12  0:01  Drone  
  13  0:14  Overlord  
  13  0:17  Drone  
  14  0:32  Drone x2  
  16  0:38  Drone  
  17  0:53  Hatchery  
  17  0:55  Drone  
  17  0:58  Drone  
  18  1:11  Spawning Pool  
  17  1:14  Extractor  
  17  1:15  Drone  
  17  1:19  Drone  
  18  1:33  Drone  
  19  1:41  Overlord  
  19  1:58  Zergling x2, Queen  
  22  2:02  Zergling x2  
  22  2:08  Queen  
  23  2:09  Drone  
  23  2:13  Drone  
  27  2:18  Drone  
  27  2:21  Metabolic Boost  
  28  2:23  Drone  
  28  2:27  Drone  
  30  2:35  Drone  
  31  2:44  Drone, Queen  
  31  2:46  Overlord  
  31  2:51  Drone  
  35  2:56  Drone  
  36  3:08  Drone x3  
  36  3:11  Hatchery, Overlord  
  38  3:15  Drone x2  
  40  3:21  Drone x2  
  40  3:22  Drone  
  43  3:28  Queen  
  43  3:30  Roach Warren  
  43  3:32  Drone  
  45  3:37  Drone x2  
  47  3:42  Drone  
  47  3:43  Drone  
  49  3:53  Zergling x6  
  49  3:54  Overlord  
  52  3:58  Drone, Extractor  
  52  3:59  Overlord  
  52  4:03  Extractor  
  52  4:04  Drone  
  52  4:15  Drone x3  
  52  4:16  Overlord  
  55  4:26  Lair  
  55  4:29  Roach x3  
  55  4:31  Drone x2  
  63  4:33  Queen  
  63  4:35  Drone x3  
  68  4:43  Drone  
  68  4:44  Drone x3  
  72  4:46  Drone x2, Extractor  
  73  4:53  Evolution Chamber  
  73  4:54  Evolution Chamber  
  73  4:55  Drone x2  
  73  5:00  Drone  
  73  5:05  Overlord  
  74  5:07  Drone  
  74  5:08  Drone  
  74  5:14  Drone x6  
  80  5:18  Overlord  
  80  5:19  Overlord  
  82  5:23  Drone  
  82  5:24  Drone, Overlord  
  82  5:26  Extractor  
  82  5:28  Overlord  
  83  5:29  Zerg Ground Armor Level 1  
  83  5:31  Ravager x2  
  83  5:32  Ravager  
  83  5:34  Drone x2  
  88  5:38  Drone  
  88  5:40  Drone  
  88  5:42  Extractor  
  88  5:52  Overlord  
  88  5:53  Overseer  
  88  5:56  Drone x3, Overlord  
  91  5:59  Overlord  
  91  6:09  Hatchery  
  90  6:12  Spore Crawler  
  90  6:16  Zerg Missile Weapons Level 1  
  90  6:18  Drone x8  
  97  6:20  Infestation Pit  
  97  6:22  Drone  
  97  6:24  Drone, Spire  
  97  6:27  Drone x5  
  97  6:28  Drone x3  
  97  6:29  Spore Crawler  
  102  6:46  Drone x3  
  101  6:56  Roach x8  
  101  6:58  Roach x3  
  101  6:59  Roach  
  125  7:05  Overlord  
  125  7:08  Overlord  
  125  7:09  Glial Reconstitution  
  125  7:11  Overlord  
  125  7:15  Overlord  
  125  7:22  Drone x2  
  127  7:24  Roach, Extractor  
  127  7:25  Extractor  
  127  7:26  Overlord  
  127  7:33  Roach x6  
  127  7:35  Roach x3  
  127  7:37  Spore Crawler  
  139  8:00  Roach x4  
  139  8:01  Roach x6  
  139  8:02  Overlord  
  154  8:15  Ravager  
  154  8:16  Ravager x4  
  154  8:19  Drone x11  
  165  8:29  Overlord  
  149  8:47  Drone x2  
  149  8:48  Drone x7  
  153  8:49  Queen  
  155  9:13  Drone x7  
  155  9:15  Zerg Flyer Armor Level 1  
  161  9:21  Queen  
  161  9:23  Overlord  
  163  9:29  Mutalisk x10  
  183  9:31  Overlord x2  
  183  9:32  Overlord  
  177  9:46  Mutalisk x6  
  177  9:50  Hatchery  
  177  9:51  Hive  
  188  9:54  Mutalisk x5  
  188  9:58  Overlord  
  198  10:18  Drone x6  
  198  10:19  Drone  
  200  10:26  Zerg Ground Armor Level 2, Zerg Missile Weapons Level 2  
  200  10:27  Drone x3  
  200  10:34  Drone  
  193  10:51  Drone  
  193  10:52  Drone  
  193  11:18  Viper x2  
  195  11:37  Viper  
  190  11:41  Viper x3  
  190  11:42  Viper  
  190  11:44  Spore Crawler, Overlord  
  190  11:45  Spore Crawler x2  
  196  11:54  Drone x3  
  196  11:59  Zerg Flyer Armor Level 2  
  198  12:21  Drone  
  198  12:22  Evolution Chamber, Drone  
  200  12:24  Evolution Chamber  
  200  12:25  Evolution Chamber  
  200  12:28  Roach  
  199  12:31  Ravager  
  199  12:34  Extractor  
  144  12:59  Roach x9  
  144  13:00  Roach x20  
  174  13:14  Roach x13  
  200  13:25  Ravager x7  
  200  13:28  Roach  
  139  13:49  Corruptor x5  
  128  13:58  Drone x10  
  117  14:09  Ravager x4  
  113  14:11  Drone  
  113  14:12  Drone x2  
  116  14:26  Roach x7  
Show
View Real Time Build Order
Export as new Build Order

EJK Terran - Winner!

Build Orders: Command Center First (CC), Mech 

Get SALT Encoding   

  12  0:01  SCV  
  13  0:13  SCV  
  14  0:18  Supply Depot  
  14  0:25  SCV  
  15  0:40  SCV  
  16  0:52  SCV  
  17  1:04  SCV  
  17  1:05  Command Center  
  18  1:17  SCV, Barracks  
  19  1:29  SCV  
  19  1:30  Refinery  
  19  1:31  Refinery  
  20  1:41  SCV  
  21  1:56  SCV  
  22  2:08  Barracks Reactor  
  22  2:11  Supply Depot  
  22  2:17  Orbital Command x2  
  22  2:35  Factory  
  22  2:44  SCV x2  
  22  2:46  Reaper x2  
  26  2:56  SCV x2  
  28  3:04  Factory  
  28  3:08  SCV x2  
  30  3:20  SCV x2  
  30  3:26  Hellion  
  34  3:27  Hellion  
  34  3:28  Barracks Tech Lab  
  34  3:32  SCV  
  34  3:33  SCV  
  38  3:36  Command Center  
  38  3:38  Supply Depot  
  38  3:45  SCV x2  
  40  3:55  Cyclone  
  43  3:57  SCV x2  
  43  3:59  Refinery  
  43  4:00  Refinery  
  43  4:01  Supply Depot  
  45  4:08  Barracks Reactor  
  45  4:10  SCV, Starport  
  45  4:11  SCV  
  47  4:23  SCV x2  
  49  4:25  Hellion x2  
  53  4:31  Supply Depot  
  53  4:36  SCV x2  
  54  4:40  Siege Tank  
  54  4:42  Liberator  
  54  4:43  Supply Depot, Liberator  
  57  4:46  Hellion x2  
  57  4:48  SCV x2  
  57  4:52  Orbital Command  
  63  5:06  SCV x2  
  71  5:12  Siege Tank  
  71  5:13  Hellion  
  76  5:18  SCV x2  
  78  5:25  Liberator  
  78  5:26  Liberator  
  78  5:30  Supply Depot  
  78  5:37  Hellion x2, Refinery  
  78  5:40  Refinery  
  82  5:43  Engineering Bay  
  82  5:44  SCV x2  
  82  5:45  Orbital Command  
  88  5:56  SCV x2, Supply Depot  
  90  6:03  Hellion x2, Siege Tank  
  97  6:12  SCV x3  
  100  6:22  Barracks Tech Lab  
  100  6:24  SCV x3  
  100  6:25  Armory  
  103  6:26  Factory  
  103  6:34  Command Center  
  103  6:36  SCV x3  
  103  6:37  Siege Tank  
  109  6:44  Liberator  
  109  6:57  Supply Depot  
  109  7:01  SCV x3, Liberator  
  115  7:02  Missile Turret  
  115  7:03  Missile Turret  
  115  7:05  Missile Turret  
  115  7:06  Factory x2  
  115  7:09  Missile Turret  
  115  7:13  SCV x2  
  117  7:18  SCV, Siege Tank, Infernal Pre-Igniter  
  117  7:21  Supply Depot  
  124  7:22  Terran Vehicle Weapons Level 1  
  124  7:24  Supply Depot  
  124  7:28  Liberator  
  124  7:31  SCV  
  125  7:43  SCV, Hellion x2, Siege Tank  
  125  7:44  Supply Depot  
  133  7:45  Supply Depot, SCV  
  134  7:55  Factory Tech Lab, Factory Reactor  
  134  8:00  Liberator  
  134  8:03  Siege Tank  
  137  8:07  Hellion x2  
  137  8:10  Missile Turret  
  137  8:11  Sensor Tower, Liberator  
  141  8:15  Siege Tank  
  147  8:29  Refinery  
  147  8:30  Planetary Fortress  
  147  8:31  Refinery  
  150  8:38  Command Center, Hellion x3  
  150  8:39  Hellion x2  
  160  8:42  Command Center, SCV x3  
  160  8:43  Liberator  
  157  8:54  Liberator  
  150  9:10  Siege Tank x3  
  150  9:14  Hellion x3  
  150  9:15  Hellion  
  166  9:20  Barracks Tech Lab  
  164  9:24  Fusion Core  
  164  9:27  Armory, Starport  
  164  9:36  Terran Vehicle Weapons Level 2  
  162  9:47  Siege Tank x3  
  162  9:52  Hellion x4  
  179  9:53  Orbital Command  
  179  9:56  Command Center  
  179  10:06  Liberator x2  
  179  10:10  Refinery  
  179  10:13  Refinery  
  173  10:27  Missile Turret x2  
  175  10:30  Terran Vehicle And Ship Armor Level 1  
  175  10:31  Missile Turret  
  175  10:32  Planetary Fortress  
  169  10:39  Cyclone x3  
  170  10:48  Missile Turret, Liberator  
  170  10:49  Missile Turret  
  170  10:51  Missile Turret x3  
  170  10:52  Liberator  
  170  10:53  Missile Turret  
  170  11:01  Liberator  
  168  11:15  SCV  
  168  11:16  SCV x2  
  168  11:18  Advanced Ballistics  
  172  11:27  Sensor Tower  
  172  11:29  Missile Turret  
  172  11:30  Missile Turret  
  172  11:31  Liberator  
  172  11:33  Missile Turret x2, Orbital Command  
  172  11:35  Liberator  
  172  11:37  Command Center  
  172  11:44  Liberator  
  172  11:53  Terran Ship Weapons Level 1  
  178  11:55  SCV x3  
  178  11:59  SCV x2  
  186  12:05  Siege Tank  
  186  12:06  Hellion x2, Siege Tank  
  186  12:07  Hellion x2  
  200  12:27  Liberator  
  200  12:37  Liberator x2  
  159  13:04  Siege Tank x3  
  159  13:05  Hellion x4  
  162  13:09  Liberator  
  162  13:19  Liberator  
  163  13:30  Hellion x2  
  163  13:31  Hellion x2  
  171  13:37  Viking  
  171  13:40  Siege Tank x2  
  171  13:41  Hellion  
  151  13:52  Hellion x3  
  148  14:02  Siege Tank  
  151  14:07  Viking  
  149  14:12  Siege Tank x2  
Tags
 
Add a new tag
Caveats
  • Supply blocks, unpowered buildings, or Contaminate may cause inaccurate times.
  • Supply counts are checked every 10 seconds.